 Dungeon Crawl Stone Soup version 0.30-a0-757-ga6a79fd877 (webtiles) character file.

Game seed: 15524871955803584736

1019 Crabhammer the Summoner (level 8, 0/54 HPs)
             Began as a Barachi Summoner on Feb 10, 2023.
             Shot with an arrow by a centaur (11 damage)
             ... on level 5 of the Dungeon.
             The game lasted 00:27:32 (4444 turns).

Crabhammer the Summoner (Barachi Summoner)          Turns: 4444, Time: 00:27:33

Health: 0/54       AC:  7    Str:  9    XL:     8   Next: 22%
Magic:  12/17      EV: 11    Int: 23    God:
Gold:   216        SH:  0    Dex: 14    Spells: 10/19 levels left

rFire   . . .      SeeInvis .    o - +0 spear
rCold   + . .      Faith    .    x - orb {light}
rNeg    . . .      Spirit   .    u - +3 leather armour
rPois   .          Reflect  .    (no helmet)
rElec   .          Harm     .    m - +0 cloak
rCorr   .          Rampage  .    (no gloves)
Will    .....                    (no boots)
Stlth   +                        (no amulet)
HPRegen 0.29/turn                f - +6 ring of intelligence
MPRegen 0.15/turn                e - ring of protection from cold

@: glowing, studying Stealth, slow
A: amphibious, slowness 1, strong legs 1, +LOS
a: Hop


You were on level 5 of the Dungeon.
You visited 1 branch of the dungeon, and saw 5 of its levels.

You collected 216 gold pieces.

Inventory:

Hand Weapons
 j - a +0 halberd
 o - a +0 spear (weapon)
Armour
 a - a +0 robe
 d - a +0 kite shield
 m - a +0 cloak (worn)
 u - a +3 leather armour (worn)
 x - an orb of light (worn)
Magical Staves
 y - a staff of fire
Jewellery
 e - a ring of protection from cold (right hand)
 f - a +6 ring of intelligence (left hand)
 g - a ring of ice
Wands
 r - a wand of quicksilver (2)
Scrolls
 k - a scroll of noise
 n - 2 scrolls of fog
 q - a scroll of poison {unknown}
 s - 2 scrolls of teleportation {unknown}
 w - 2 scrolls of identify
Potions
 b - a potion of magic
 c - 2 potions of heal wounds
 h - a potion of haste {unknown}
 i - 5 potions of brilliance
 l - 2 potions of flight {unknown}
 p - a potion of mutation {unknown}
 t - a potion of berserk rage {unknown}
 v - a potion of ambrosia {unknown}


   Skills:
 + Level 1.2 Fighting
 + Level 3.1 Polearms
 + Level 1.2 Armour
 - Level 2.1 Dodging
 - Level 2.1 Stealth
 + Level 6.2 Spellcasting
 + Level 8.6 Summonings


You had 10 spell levels left.
You knew the following spells:

 Your Spells              Type           Power      Damage    Failure   Level
a - Summon Small Mammal   Summ           100%       N/A       1%          1
b - Call Imp              Summ           47%        N/A       1%          2
c - Call Canine Familiar  Summ           47%        N/A       1%          3
d - Summon Guardian Gole  Hex/Summ       27%        N/A       6%          3

Your spell library contained the following spells:

 Spells                   Type           Power      Damage    Failure   Level
 Slow                     Hex            28%        N/A       12%         1
 Summon Lightning Spire   Summ/Air       27%        N/A       19%         4
 Confusing Touch          Hex            7%         N/A       34%         3
 Vampiric Draining        Necr           7%         2d6       34%         3


Dungeon Overview and Level Annotations

Branches:
Dungeon (5/15)
 Temple: D:4-7

Altars:
Qazlal
Vehumet

Shops:
D:1 :


Innate Abilities, Weirdness & Mutations

You are amphibious.
You cover ground slowly.
You can hop short distances.
You have an extended range of vision and can be seen from far away.


Message History

Aim: a centaur (wandering, hasn't noticed you) Attack!
The centaur shouts!
The centaur wields a +0 shortbow.
The centaur shoots an arrow.
The arrow closely misses you.
Your crimson imp blinks!
The centaur shoots an arrow.
The arrow hits your wolf!
The centaur shoots an arrow.
The arrow hits your wolf!
Your wolf dies!
Your wolf's corpse disappears in a puff of smoke!
The centaur shoots an arrow.
The arrow closely misses you.
The centaur shoots an arrow.
The arrow hits you.
The centaur shoots an arrow.
The arrow hits you.
Casting: Call Imp (safe; 1% risk of failure)
Confirm with . or Enter, or press ? or * to list all spells.
The centaur shoots an arrow.
The arrow hits you!
Casting: Call Canine Familiar (safe; 1% risk of failure)
Confirm with . or Enter, or press ? or * to list all spells.
A guardian golem appears, shielding your allies.
The centaur shoots an arrow.
The arrow hits you.
The centaur shoots an arrow.
The arrow misses you.
The centaur shoots an arrow.
The arrow barely misses your hound. The arrow hits you.
The centaur shoots an arrow.
The arrow hits you.
Your crimson imp hits the centaur but does no damage.
The centaur shoots an arrow.
The arrow closely misses you.
Your crimson imp blinks!
The centaur shoots an arrow.
The arrow hits you.
The centaur shoots an arrow.
The arrow hits your crimson imp.
The centaur shoots an arrow.
The arrow closely misses your crimson imp.
The arrow hits you.
* * * LOW HITPOINT WARNING * * *
The centaur shoots an arrow.
The arrow hits your crimson imp.
The centaur shoots an arrow.
The arrow hits your guardian golem!
The centaur shoots an arrow.
The arrow hits you.
* * * LOW HITPOINT WARNING * * *
The centaur shoots an arrow.
The arrow barely misses your crimson imp.
The arrow hits you!
You die...

#.............#
####..........#
#...>......#
#..........#
#..........#
#..........#
#..........#
####..........#
#.....@.......#
#.##..........#
#.##..........#
#.......#######
#.......#
#.h.....#
##ā‰ˆ5)...#
.$.cā‰ˆ9...#
####ā‰ˆā‰ˆ...##


You could see a centaur (ally target), a friendly guardian golem (summoned), a
friendly hound (summoned, sheltered) and a friendly crimson imp (summoned,
sheltered).

Vanquished Creatures
  A hound (D:4)
  An adder (D:3)
  A fire bat (D:4)
  An orc (D:4)
  A ball python (D:3)
  3 bats
  A giant cockroach (D:3)
  A hobgoblin (D:3)
  2 jackals
  A quokka (D:4)
  A frilled lizard (D:2)
  A rat (D:3)
15 creatures vanquished.

Vanquished Creatures (collateral kills)
  2 ogres (D:5)
  A phantom (D:5)
  A kobold brigand (D:3)
  A necrophage (D:4)
  A vampire bat (D:4)
  2 hounds (D:4)
  A jelly (D:5)
  Crazy Yiuf (D:3)
  An orc priest (D:4)
  Jessica (D:3)
  Natasha (D:3)
  An orc wizard (D:4)
  3 gnolls (D:3)
  10 adders
  An ufetubus (D:4)
  2 worms
  A dart slug (D:2)
  2 fire bats (D:4)
  9 orcs
  2 spectral bats (D:4)
  3 bat skeletons (D:4)
  A bat zombie (D:4)
  6 endoplasms
  3 giant cockroaches
  8 goblins
  10 hobgoblins
  3 jackals
  13 kobolds
  4 quokkas
  5 ball pythons
  14 bats
  A bat simulacrum (D:4)
  5 rats
120 creatures vanquished.

Vanquished Creatures (others)
  An orc wizard (D:5)
1 creature vanquished.

Grand Total: 136 creatures vanquished

Notes
Turn   | Place    | Note
-------+----------+-------------------------------------------
     0 | D:1      | Crabhammer the Barachi Summoner began the quest for the
                  | Orb.
     0 | D:1      | Reached XP level 1. HP: 13/13 MP: 3/3
   208 | D:1      | Reached skill level 5 in Summonings
   248 | D:1      | Reached XP level 2. HP: 19/19 MP: 3/5
   259 | D:1      | Learned a level 2 spell: Call Imp
   288 | D:1      | Found Effeyjae's Book Emporium.
   523 | D:1      | Reached XP level 3. HP: 23/24 MP: 4/6
  1155 | D:2      | Reached skill level 6 in Summonings
  1155 | D:2      | Reached XP level 4. HP: 22/30 MP: 4/8
  1260 | D:2      | Learned a level 3 spell: Call Canine Familiar
  1809 | D:3      | Noticed Jessica
  1834 | D:3      | Killed Jessica
  1835 | D:3      | Reached XP level 5. HP: 35/35 MP: 7/10
  1887 | D:3      | Noticed a kobold brigand
  1898 | D:3      | Killed a kobold brigand
  2105 | D:3      | Reached skill level 7 in Summonings
  2109 | D:3      | Reached XP level 6. HP: 33/42 MP: 4/12
  2427 | D:3      | Found a runed translucent door.
  2428 | D:3      | Noticed Crazy Yiuf
  2452 | D:3      | Killed Crazy Yiuf
  2717 | D:3      | Noticed Natasha
  2728 | D:3      | Killed Natasha
  3084 | D:4      | Reached skill level 1 in Polearms
  3084 | D:4      | Reached skill level 5 in Spellcasting
  3086 | D:4      | Reached XP level 7. HP: 13/47 MP: 7/14
  3215 | D:4      | Learned a level 3 spell: Summon Guardian Golem
  3226 | D:4      | Found a stormy altar of Qazlal.
  3374 | D:4      | Reached skill level 8 in Summonings
  3398 | D:4      | Reached skill level 1 in Fighting
  3574 | D:4      | Found a radiant altar of Vehumet.
  3978 | D:5      | Entered Level 5 of the Dungeon
  4031 | D:5      | Reached skill level 1 in Armour
  4031 | D:5      | Reached XP level 8. HP: 54/54 MP: 11/17
  4444 | D:5      | Shot with an arrow by a centaur

Illustrated notes

Levels and vault maps discovered:
D:1:      dpeg_arrival_circle_labyrinth_c, layout_rooms, serial_shops,
          nicolae_shop_stone, minmay_misc_feat_x
D:2:      layout_rooms, serial_glass, glass_columns_c, glass_columns_a,
          minmay_heptomino_w4
D:3:      cheibrodos_thug_alley, layout_basic, uniq_natasha, uniq_jessica,
          uniq_crazy_yiuf_cottage
D:4:      layout_basic, lemuel_tele_altar, kennysheep_mini,
          hangedman_abyss_or_decor_stabs, goddamned_bats
D:5:      layout_basic, serial_shops, nicolae_inconvenience_store,
          kb_lookout_dungeons_type, uniq_sigmund

Skill      XL: |  1  2  3  4  5  6  7  8 |
---------------+-------------------------+-----
Summonings     | 5 6 7 8 |  8.6
Spellcasting   | 3 4 5 6 |  6.2
Polearms       | 1 2 3 |  3.1
Fighting       | 1 |  1.2
Stealth        | 2 |  2.1
Armour         | 1 |  1.2
Dodging        | |  2.1

Action                     |  1- 3 |  4- 6 |  7- 9 || total
---------------------------+-------+-------+-------++-------
  Melee: Unarmed           |    64 |     9 |       ||    73
         Punch             |     1 |       |       ||     1
         Spear             |       |    50 |    59 ||   109
   Cast: Summon Small Mamm |    31 |    23 |     4 ||    58
         Call Imp          |    10 |    18 |    10 ||    38
         Call Canine Famil |       |    16 |     9 ||    25
         Summon Guardian G |       |       |     4 ||     4
Ability: Hop               |     1 |     3 |     2 ||     6
    Use: Scroll            |       |     7 |       ||     7
   Stab: Sleeping          |       |     1 |       ||     1
         Distracted        |       |       |     2 ||     2
 Armour: Robe              |    15 |    10 |     5 ||    30
         Leather armour    |       |       |    16 ||    16
  Dodge: Dodged            |    63 |    35 |    46 ||   144

Table legend: (Time is in decaauts)
 A = Elapsed time spent in this place.
 B = Non-inter-level travel time spent in this place.
 C = Inter-level travel time spent in this place.
 D = Time resting spent in this place.
 E = Time spent auto-exploring this place.
 F = Levels seen in this place.
 G = Mean time per level.
                   A        B        C        D        E       F      G
               +--------+--------+--------+--------+--------+-----+--------+
         Total |   4909 |   4798 |    111 |    908 |   2569 |   5 |  981.8 |
       Dungeon |   4909 |   4798 |    111 |    908 |   2569 |   5 |  981.8 |
               +--------+--------+--------+--------+--------+-----+--------+

Top non-repeatable levels by time:
     D:3: 1318 daAuts
     D:4: 1119 daAuts
     D:1: 991 daAuts
     D:2: 986 daAuts
     D:5: 493 daAuts
